Map: Golden Wall LE

Players

Throwfordays - Winner!

  • Race: Protoss Protoss
  • League: Bronze
  • Spawn Location: 5:00

VOD

Have the link to the VOD?

Description

Time

  • Played on: June 26, 2020, 3:15 a.m.
  • Length: 5:28
Show
View Real Time Build Order
Export as new Build Order

Throwfordays Protoss - Winner!

Build Orders:  

Get SALT Encoding   

  12  0:03  Probe (Chrono Boost)  
  14  0:20  Probe (Chrono Boost)  
  14  0:37  Probe (Chrono Boost)  
  15  0:56  Pylon  
  15  0:59  Pylon  
  15  1:23  Gateway, Probe (Chrono Boost)  
  15  1:24  Gateway  
  16  1:34  Assimilator  
  16  1:38  Probe (Chrono Boost)  
  17  1:49  Probe (Chrono Boost)  
  18  2:01  Probe (Chrono Boost)  
  19  2:17  Probe (Chrono Boost)  
  20  2:30  Cybernetics Core  
  20  2:32  Zealot x2  
  24  2:42  Gateway  
  24  2:57  Gateway  
  24  2:59  Zealot  
  24  3:05  Zealot  
  28  3:28  Pylon  
  36  4:19  Unknown  
  34  4:35  Unknown  
  34  4:39  Unknown  
  36  4:49  Unknown  
  36  5:17  Unknown  
  36  5:18  Unknown  
Tags
 
League
Bronze
Matchup
Co-op
Replay Pack
Multiplayer
Add a new tag
Caveats
  • Supply blocks, unpowered buildings, or Contaminate may cause inaccurate times.
  • Supply counts are checked every 10 seconds.